 Dungeon Crawl Stone Soup version 0.31-a0-700-gf13585253f (webtiles) character file.

Game seed: 15723030995744811400

57 qw the Shooter (level 4, -3/28 HPs)
             Began as a Gargoyle Hunter on Sept 7, 2023.
             Slain by Terence
             ... wielding a +1 hand axe of venom
              (4 damage)
             ... on level 2 of the Dungeon.
             The game lasted 00:00:28 (1099 turns).

qw the Shooter (Gargoyle Hunter)                    Turns: 1099, Time: 00:00:29

Health: -3/28      AC:  6    Str: 15    XL:     4   Next: 0%
Magic:  4/4        EV: 11    Int:  9    God:
Gold:   137        SH:  0    Dex: 15    Spells: 3/3 levels left

rFire   . . .        Y - +0 shortbow
rCold   . . .        (shield currently unavailable)
rNeg    + . .        c - +0 leather armour
rPois   inf          (no helmet)
rElec   +            (no cloak)
rCorr   .            (no gloves)
SInv    .            (no boots)
Will    .....        (no amulet)
Stlth   ++           (no ring)
HPRegen 0.24/turn    (no ring)
MPRegen 0.09/turn

%: no passive effects
@: no status effects
A: sickness immunity, AC +3, negative energy resistance 1, electricity
resistance, torment resistance 1, petrification resistance
a: no special abilities


You were on level 2 of the Dungeon.
You visited 1 branch of the dungeon, and saw 2 of its levels.

You collected 137 gold pieces.


Innate Abilities, Weirdness & Mutations

You are immune to sickness and miasma.
Your stone body is resilient. (AC +3)
You are immune to poison.
You resist negative energy. (rN+)
You are resistant to electric shocks. (rElec)
You are resistant to unholy torment.
You are immune to petrification.


   Skills:
 - Level 3.2 Fighting
 + Level 5.0 Ranged Weapons
 - Level 1.5 Dodging
 - Level 1.1 Stealth


You had 3 spell levels left.
You didn't know any spells.
Your spell library was empty.

Inventory:

Hand Weapons
 Y - a +0 shortbow (weapon)
Armour
 c - a +0 leather armour (worn)
Scrolls
 b - a scroll of identify {unknown}
 i - a scroll of vulnerability {unknown}
 k - a scroll of amnesia {unknown}
 l - a scroll of brand weapon {unknown}
Potions
 a - 2 potions of heal wounds {unknown}
 d - a potion of haste
 e - a potion of enlightenment {unknown}
 f - a potion of lignification {unknown}
 g - 3 potions of curing {unknown}
 h - a potion of degeneration {unknown}
 j - a potion of invisibility {unknown}

Dungeon Overview and Level Annotations

Branches:
Dungeon (2/15)

Altars:

Annotations:
D:2 Terence


Message History

You shoot an arrow. The arrow barely misses the adder.
The adder bites you.
You shoot an arrow. The arrow hits the adder.
You kill the adder!
Your Fighting skill increases to level 3!
You have reached level 4!
You feel stronger.
You shoot an arrow. The arrow barely misses Terence.
Terence says, "You're history."
Terence hits you with a +1 hand axe of venom!
You shoot an arrow. The arrow barely misses Terence.
Terence hits you with a +1 hand axe of venom.
You shoot an arrow. The arrow closely misses Terence.
Terence hits you but does no damage.
You shoot an arrow. The arrow hits Terence.
Terence is lightly wounded.
Terence barely misses you.
Terence hits you with a +1 hand axe of venom.
You shoot an arrow. The arrow hits Terence.
Terence is moderately wounded.
Terence closely misses you.
You shoot an arrow.
The arrow hits Terence but does no damage.
Terence is moderately wounded.
Terence hits you but does no damage.
You shoot an arrow. The arrow hits Terence.
Terence is heavily wounded.
Terence hits you but does no damage.
You shoot an arrow. The arrow hits Terence!
Terence is almost dead.
Terence hits you with a +1 hand axe of venom.
You shoot an arrow. The arrow hits Terence.
Terence is almost dead.
Terence says, "Did you write a will?
You should..."
Terence hits you with a +1 hand axe of venom.
You shoot an arrow. The arrow hits Terence.
Terence is almost dead.
Terence hits you with a +1 hand axe of venom.
Terence shouts, "DIE!!!"
Terence hits you with a +1 hand axe of venom.
You die...

#.##.####.##.#####.#
##...... #.##.# #.#
#.#####....... #.##.#
#.# #.............
#.##.# #.#
#............. #.##.#
#.# ###.####........
#.##.# #.# ....#
#........ #.##.# #.#
.##.# #).......
#.##.####.#####@##.#
#........
#.............@....#
#.##..#..
#####..####.##########
#..[..### .# #..# #.#
###...# .# #..# #.#
#...### .# #..####.#
#.>.... .# ##..#.<..#
#.#.### .###.#...####
#...... ....###..#####
#.##### ...## ##....>#
#.#


You could see Terence.

Vanquished Creatures
  An adder (D:2)
  2 worms (D:2)
  A dart slug (D:2)
  4 bats (D:1)
  3 endoplasms
  4 goblins (D:1)
  5 hobgoblins
  5 kobolds
  3 quokkas
  3 ball pythons
  4 frilled lizards
  A rat (D:1)
36 creatures vanquished.

Notes
Turn   | Place    | Note
-------+----------+-------------------------------------------
     0 | D:1      | qw the Gargoyle Hunter began the quest for the Orb.
     0 | D:1      | Reached XP level 1. HP: 12/12 MP: 1/1
     0 | D:1      | 0 ||| qw: Version: 0.3-a-76-g4403597
     0 | D:1      | 0 ||| qw: Game counter: 512
     0 | D:1      | 0 ||| qw: Melee chars always use a shield: true
     0 | D:1      | 0 ||| qw: God list: Okawaru
     0 | D:1      | 0 ||| qw: Allow faded altars: false
     0 | D:1      | 0 ||| qw: Do Orc after clearing Dungeon:15 true
     0 | D:1      | 0 ||| qw: Do second Lair branch before Depths: true
     0 | D:1      | 0 ||| qw: Lair rune preference: random
     0 | D:1      | 0 ||| qw: Goals: Normal
     0 | D:1      | 0 ||| PLANNING D:1-11
    43 | D:1      | 43 ||| RETREATING.
    53 | D:1      | Reached XP level 2. HP: 7/17 MP: 2/2
    54 | D:1      | HP: 3/17 [hobgoblin (2)]
    61 | D:1      | HP: 4/17 [hobgoblin (1)]
   330 | D:1      | Reached XP level 3. HP: 21/21 MP: 3/3
   366 | D:1      | Reached skill level 5 in Ranged Weapons
   570 | D:1      | 570 ||| READING scroll labelled IWKEQECAXA.
   575 | D:1      | 575 ||| DRINKING 2 sapphire potions.
   576 | D:1      | 576 ||| DROPPING scroll of butterflies.
  1086 | D:2      | Noticed Terence
  1090 | D:2      | Reached skill level 3 in Fighting
  1090 | D:2      | Reached XP level 4. HP: 28/28 MP: 4/4
  1097 | D:2      | HP: 5/28 [Terence/+1 hand axe of venom (6)]
  1098 | D:2      | HP: 2/28 [Terence/+1 hand axe of venom (3)]
  1099 | D:2      | Slain by Terence

Levels and vault maps discovered:
D:1:      minmay_arrival_floating_metal, layout_rooms
D:2:      layout_loops_ring, uniq_terence

Skill      XL: |  1  2  3 |
---------------+----------+-----
Ranged Weapons | 5 |  5.0
Fighting       | 3 |  3.2
Dodging        | |  1.5
Stealth        | |  1.1

Action                     |  1- 3 |  4- 6 || total
---------------------------+-------+-------++-------
   Fire: Shortbow          |   115 |    10 ||   125
    Use: Scroll            |     1 |       ||     1
         Potion            |     1 |       ||     1
 Armour: Leather armour    |    40 |    10 ||    50
  Dodge: Dodged            |    29 |     2 ||    31

Table legend:
 A = Non-vault XP
 B = Vault XP
 C = Vault XP percentage of total XP
 D = Non-vault monster count
 E = Vault monster count
 F = Vault count percentage of total count
                 A         B        C        D         E       F
            +---------+---------+-------+---------+---------+-------
      Total |      82 |       0 |   0.0 |      36 |       0 |   0.0
            +---------+---------+-------+---------+---------+-------
        D:1 |      43 |       0 |   0.0 |      25 |       0 |   0.0
        D:2 |      39 |       0 |   0.0 |      11 |       0 |   0.0
            +---------+---------+-------+---------+---------+-------
